Map: Apotheosis LE

Players

Gracz

  • Race: Terran Terran
  • League: Silver

SourBane - Winner!

  • Race: Terran Terran
  • League: Silver

VOD

Have the link to the VOD?

Description

Time

  • Played on: Oct. 22, 2016, 4:37 p.m.
  • Length: 10:39
Show
View Real Time Build Order
Export as new Build Order

Gracz Terran 

Build Orders: MMM Bio 

Get SALT Encoding   

  12  0:01  SCV  
  13  0:28  Supply Depot  
  13  0:29  SCV  
  14  0:35  Refinery  
  14  0:39  Refinery  
  14  0:41  SCV  
  15  0:53  SCV  
  15  0:55  Barracks  
  16  1:05  SCV  
  17  1:17  SCV  
  18  1:29  SCV  
  19  1:41  SCV  
  20  1:51  Factory  
  20  1:54  SCV  
  21  2:06  Supply Depot, SCV  
  21  2:07  Barracks Tech Lab  
  22  2:18  Orbital Command  
  22  2:32  Supply Depot  
  22  2:44  Factory Tech Lab  
  22  2:45  Starport  
  22  2:53  Barracks  
  22  2:59  Supply Depot  
  22  3:18  Unknown, Command Center  
  22  3:24  Supply Depot  
  22  3:34  Factory  
  22  3:43  SCV  
  22  3:47  Barracks Reactor  
  23  3:52  Supply Depot  
  24  3:55  SCV  
  24  4:08  SCV  
  25  4:12  Starport Reactor  
  25  4:16  Supply Depot  
  25  4:25  Factory Tech Lab  
  25  4:30  Unknown  
  25  4:38  SCV x2  
  26  4:45  Marine x2  
  29  4:46  Stimpack  
  29  4:47  Mag-Field Accelerator  
  29  4:50  SCV  
  30  4:53  Cyclone  
  30  4:56  Cyclone  
  38  5:01  Marauder  
  38  5:03  Marine x2  
  38  5:06  Medivac  
  44  5:16  Refinery  
  44  5:18  Refinery, SCV  
  45  5:21  Orbital Command  
  45  5:23  Marauder  
  47  5:33  Cyclone  
  51  5:41  Cyclone  
  55  5:43  Marine  
  55  5:44  Marauder  
  55  5:45  Marine  
  55  5:47  Liberator  
  59  5:53  SCV  
  59  5:54  SCV  
  61  6:02  Medivac  
  63  6:05  SCV  
  67  6:19  Siege Tank x2  
  73  6:26  Marauder  
  73  6:28  Marine x2  
  77  6:46  Medivac, Marine x2  
  81  6:51  Cyclone  
  85  7:14  Marauder  
  87  7:15  Marine  
  87  7:16  Marine  
  87  7:18  Cyclone  
  93  7:26  Combat Shields  
  93  7:33  Marine x2  
  93  7:36  Marauder  
  97  7:51  Marine x2  
  97  7:57  Marauder  
  52  8:33  Cyclone x2  
  60  8:35  Marauder  
  60  8:37  Marine x2  
  64  8:55  Marine x2  
  64  8:57  Marauder  
  66  9:05  Cyclone x2  
  72  9:12  Marine x2  
  74  9:18  Marauder  
  74  9:24  Medivac  
  78  9:30  Marine x2  
  80  9:37  Widow Mine x2  
  81  9:39  Marine  
  49  9:48  Marine x2  
  46  10:06  Cyclone, Marine, Siege Tank  
  46  10:24  Starport  
Show
View Real Time Build Order
Export as new Build Order

SourBane Terran - Winner!

Build Orders:  

Get SALT Encoding   

  12  0:01  SCV  
  13  0:13  SCV  
  14  0:18  Supply Depot  
  14  0:25  SCV  
  15  0:40  SCV  
  15  0:41  Barracks  
  16  0:50  Refinery  
  16  0:52  SCV  
  17  1:04  SCV  
  18  1:16  SCV  
  19  1:28  Marine  
  19  1:29  Orbital Command  
  20  1:44  Unknown, Command Center  
  20  1:55  Barracks Tech Lab  
  20  2:04  Factory  
  20  2:06  Refinery  
  20  2:07  SCV  
  21  2:32  SCV  
  22  2:38  Bunker  
  22  2:39  Barracks  
  22  2:48  Factory Tech Lab  
  22  2:54  Starport  
  22  2:56  Unknown  
  22  3:06  SCV  
  23  3:13  Orbital Command  
  23  3:18  SCV  
  24  3:24  Siege Tank  
  28  3:27  Marine  
  28  3:30  Barracks Reactor, SCV  
  28  3:32  Starport Reactor  
  29  3:42  SCV  
  29  3:43  SCV  
  29  3:47  Refinery  
  31  3:52  Refinery  
  31  3:53  Marine  
  31  3:54  SCV  
  31  3:55  SCV  
  34  3:56  Siege Tank  
  37  4:10  SCV  
  37  4:14  Supply Depot  
  38  4:25  Supply Depot  
  38  4:26  Supply Depot  
  38  4:28  Supply Depot  
  38  4:29  Marine  
  38  4:30  SCV  
  40  4:32  Siege Tank  
  43  4:41  Factory  
  43  4:45  Barracks, SCV  
  43  4:46  SCV  
  45  4:54  Supply Depot  
  45  4:58  Marine x2  
  47  5:15  Marine  
  47  5:16  Marine  
  49  5:21  SCV  
  49  5:22  SCV  
  49  5:25  Marine  
  49  5:26  Siege Tank  
  49  5:28  Factory Tech Lab  
  55  5:32  Medivac  
  55  5:34  Medivac, SCV x2  
  61  5:44  Supply Depot  
  61  5:46  SCV x2  
  63  5:51  Supply Depot  
  63  6:05  Barracks Reactor  
  63  6:08  Marine x3  
  63  6:10  Siege Tank x2  
  72  6:19  Medivac  
  72  6:20  Medivac  
  76  6:26  Marine  
  76  6:28  Engineering Bay x2  
  76  6:31  Stimpack  
  77  6:40  SCV x2  
  77  6:47  Marine x3  
  79  6:48  Marine  
  79  6:52  SCV  
  79  6:53  Medivac x2  
  88  6:55  Siege Tank x2  
  88  6:56  Marine  
  88  7:00  Terran Infantry Weapons Level 1  
  95  7:07  Armory  
  95  7:11  Terran Infantry Armor Level 1  
  95  7:20  SCV x2  
  97  7:32  SCV  
  97  7:34  Unknown, Command Center  
  98  7:40  Marine  
  98  7:41  Marine x3  
  102  7:48  Supply Depot  
  102  7:50  Supply Depot  
  102  7:51  Supply Depot  
  102  7:55  Marine  
  98  7:58  Marine x3  
  98  7:59  Marine  
  83  8:13  Supply Depot  
  83  8:31  Marine x5  
  83  8:33  Siege Tank x2  
  83  8:34  Medivac x2  
  98  8:46  Unknown  
  98  8:49  Marine x2  
  100  9:22  Marine  
  100  9:23  Marine x4  
  105  9:24  Siege Tank x2  
  105  9:27  Medivac x2  
  114  9:40  Factory, Marine x3  
  114  9:43  Factory  
  112  9:45  SCV  
  112  9:46  Factory, SCV  
  112  9:48  Orbital Command  
  113  9:56  Siege Tank x2  
  113  9:58  SCV x2  
  121  10:05  Refinery  
  121  10:10  SCV x2  
  123  10:31  Refinery  
Tags
 
Add a new tag
Caveats
  • Supply blocks, unpowered buildings, or Contaminate may cause inaccurate times.
  • Supply counts are checked every 10 seconds.